Rangers vs Canadiens
Created - 7 décembre 2014 at 19:09
Goals
|
| Rangers |
1 |
1 |
3 |
5 |
| Canadiens |
0 |
2 |
0 |
2 |
|
Shots
|
| Rangers |
6 |
11 |
13 |
30 |
| Canadiens |
8 |
6 |
16 |
30 |
|
1st period
1. Rangers , Mark Fistric 4 (Mike Cammalleri, Brad Richards) at 4:21 (PP)
Penalties :
T.J. Fast (Mon) for High sticking (Minor) at 4:05, Alexandre Burrows (NYR) for High sticking (Minor) at 19:12
2nd period
2. Canadiens , Radim Vrbata 18 (Sergei Samsonov, Nicklas Lidstrom) at 0:29 (PP)
3. Canadiens , Dennis Wideman 1 (Nicklas Lidstrom) at 2:33
4. Rangers , Johan Franzen 6 (Brad Richards, Drew Stafford) at 7:32
Penalties :
Johan Franzen (NYR) for Hooking (Minor) at 3:34, T.J. Fast (Mon) for Roughing (Minor) at 10:17, Marek Svatos (Mon) for Goalie Interference (Minor) at 12:33
3rd period
5. Rangers , Johan Franzen 7 (Brad Richards, Mike Cammalleri) at 0:47
6. Rangers , Radek Bonk 4 (Nathan Gerbe) at 5:24
7. Rangers , Igor Radulov 4 (Jakob Silfverberg, Mark Fistric) at 9:39
Penalties :
Ryan Whitney (NYR) for Hooking (Minor) at 1:32, Josh Gorges (Mon) for Hooking (Minor) at 19:46
Goalie Stats
Henrik Lundqvist (NYR), 28 saves from 30 shots - (0,933), W, 10-16-3, 60:00 minutes
Miika Kiprusoff (Mon), 25 saves from 30 shots - (0,833), L, 11-10-2, 60:00 minutes
Players Stats for Rangers
Player Name G A P +/- PIM S H SB GA TA FO MP PP MP PK MP
------------------------------------------------------------------------------------
Alexandre Burrows 0 0 0 0 2 1 2 0 0 0 1/1 16:03 2:07 0:27
Alexei Emelin 0 0 0 3 0 1 1 1 0 0 0/0 19:26 0:04 2:28
Brad Richards 0 3 3 1 0 3 1 0 1 0 19/35 23:11 2:20 3:20
Cam Barker 0 0 0 0 0 0 2 1 0 1 0/0 29:06 1:59 3:24
Drew Stafford 0 1 1 0 0 1 3 0 1 0 3/3 15:13 2:07 0:00
Igor Radulov 1 0 1 1 0 2 1 0 0 0 0/0 9:26 0:00 0:00
Jakob Silfverberg 0 1 1 1 0 4 1 1 1 0 0/0 9:55 0:04 0:00
Johan Franzen 2 0 2 1 2 2 0 0 2 0 2/3 20:44 2:20 0:30
Mark Fistric 1 1 2 3 0 3 2 1 1 1 0/0 20:29 2:24 2:05
Matt Greene 0 0 0 0 0 0 0 1 0 0 0/0 6:20 0:16 0:00
Matt Read 0 0 0 1 0 5 1 0 1 0 1/3 11:08 0:00 1:09
Mike Cammalleri 0 2 2 1 0 1 0 0 0 0 1/1 21:18 2:20 1:07
Nathan Gerbe 0 1 1 1 0 2 0 0 1 0 0/0 9:51 0:00 0:00
Patrice Bergeron 0 0 0 0 0 1 0 0 0 0 6/17 19:00 2:07 3:51
Radek Bonk 1 0 1 1 0 2 1 0 0 1 2/3 10:05 0:00 0:06
Ryan Whitney 0 0 0 -1 2 1 1 1 0 0 0/0 27:56 1:59 2:33
Staffan Kronwall 0 0 0 1 0 0 0 1 0 0 0/0 15:54 2:08 0:00
Valtteri Filppula 0 0 0 1 0 1 0 1 1 0 1/4 9:37 0:00 0:00
Players Stats for Canadiens
Player Name G A P +/- PIM S H SB GA TA FO MP PP MP PK MP
------------------------------------------------------------------------------------
Brandon Prust 0 0 0 0 0 2 0 0 0 0 0/0 7:22 0:00 0:51
Brett Clark 0 0 0 -3 0 2 1 0 0 3 0/0 25:39 1:25 1:38
Brooks Laich 0 0 0 -2 0 1 3 1 0 1 5/9 15:06 2:14 0:51
Dennis Wideman 1 0 1 1 0 1 2 2 0 0 0/0 21:02 3:50 0:00
Jamie Lundmark 0 0 0 0 0 0 0 0 0 1 4/4 7:42 0:00 1:11
Josh Gorges 0 0 0 1 2 1 0 2 0 0 0/0 17:05 0:00 1:38
Marek Svatos 0 0 0 0 2 3 3 3 0 0 0/1 21:10 3:01 0:00
Matt Carle 0 0 0 -1 0 2 0 1 0 0 0/0 14:43 0:00 2:49
Michel Ouellet 0 0 0 -2 0 1 2 0 0 0 0/0 11:46 0:00 0:00
Mikael Samuelsson 0 0 0 0 0 0 2 0 0 1 0/0 7:42 0:00 1:11
Mike Ribeiro 0 0 0 0 0 3 3 1 1 0 18/35 21:09 3:01 0:00
Nicklas Lidstrom 0 2 2 -3 0 4 2 2 0 2 0/0 28:14 3:50 2:49
Patrick Marleau 0 0 0 0 0 2 1 2 0 0 0/0 21:09 3:01 0:00
Radim Vrbata 1 0 1 -1 0 2 3 0 1 0 0/2 16:05 2:14 0:00
Riley Cote 0 0 0 -2 0 0 1 2 0 0 0/0 11:46 0:00 0:00
Saku Koivu 0 0 0 -1 0 4 2 0 0 0 7/19 16:03 0:00 2:25
Sergei Samsonov 0 1 1 -1 0 2 0 0 1 0 0/0 18:30 2:14 2:25
T.J. Fast 0 0 0 -1 4 0 1 1 0 1 0/0 13:16 1:25 0:00
3 Stars
1 - Mark Fistric (NYR)
2 - Brad Richards (NYR)
3 - Johan Franzen (NYR)
Power Play
Rangers - 1 on 4 Attempt(s) - 25,00%
Canadiens - 1 on 3 Attempt(s) - 33,33%
Penalty Kill
Rangers - 2 on 3 Attempt(s) - 66,67%
- Score 0 goal in Penalty Kill
Canadiens - 3 on 4 Attempt(s) - 75,00%
- Score 0 goal in Penalty Kill
Official
Referees : Dwyer Gord and Pollock Kevin
Linesman : Thor Nelson and Bryan Pancich
Game Notes
Matt Greene is injured at 3:10 of 2nd period (Bruised Left Shoulder)
Finance
Level 1 -- Attendance: 5068 (84,47%) -- Ticket Income 451 052 $
Level 2 -- Attendance: 4959 (99,18%) -- Ticket Income 247 950 $
Level 3 -- Attendance: 1934 (96,70%) -- Ticket Income 59 954 $
Level 4 -- Attendance: 4000 (100,00%) -- Ticket Income 80 000 $
Luxury Box -- Attendance: 742 (74,20%) -- Ticket Income 126 140 $
Game was played at the Centre Bell
Total Attendance: 16703 (92,79%)
Total Ticket Income: 965 096 $
Other Income: 144 764 $
Total Income: 1 109 860 $
Rangers
5 vs 5 Forward
Center Left Wing Right Wing Time % Phy DF OF
1 Brad Richards Mike Cammalleri Johan Franzen 40 1 2 2
2 Patrice Bergeron Alexandre Burrows Drew Stafford 30 1 2 2
3 Radek Bonk Nathan Gerbe Matt Read 20 1 2 2
4 Valtteri Filppula Igor Radulov Jakob Silfverberg 10 1 2 2
5 vs 5 Defense
Defense Defense Time % Phy DF OF
1 Cam Barker Ryan Whitney 40 1 2 2
2 Matt Greene Mark Fistric 30 1 2 2
3 Staffan Kronwall Alexei Emelin 20 1 2 2
4 Cam Barker Ryan Whitney 10 1 2 2
PowerPlay Forward
Center Left Wing Right Wing Time % Phy DF OF
1 Brad Richards Mike Cammalleri Johan Franzen 60 1 2 2
2 Patrice Bergeron Alexandre Burrows Drew Stafford 40 1 2 2
PowerPlay Defense
Defense Defense Time % Phy DF OF
1 Cam Barker Ryan Whitney 60 1 2 2
2 Matt Greene Mark Fistric 40 1 2 2
Penalty Kill 4 Players Forward
Center Wing Time % Phy DF OF
1 Brad Richards Patrice Bergeron 60 1 2 2
2 Mike Cammalleri Johan Franzen 40 1 2 2
Penalty Kill 4 Players Defense
Defense Defense Time % Phy DF OF
1 Cam Barker Ryan Whitney 60 1 2 2
2 Matt Greene Mark Fistric 40 1 2 2
Penalty Kill - 3 Players Forward
Forward Time % Phy DF OF
1 Brad Richards 60 1 2 2
2 Patrice Bergeron 40 1 2 2
Penalty Kill - 3 Players Defense
Defense Defense Time % Phy DF OF
1 Cam Barker Ryan Whitney 60 1 2 2
2 Matt Greene Mark Fistric 40 1 2 2
4 vs 4 Forward
Center Wing Time % Phy DF OF
1 Brad Richards Patrice Bergeron 60 1 2 2
2 Mike Cammalleri Johan Franzen 40 1 2 2
4 vs 4 Defense
Defense Defense Time % Phy DF OF
1 Cam Barker Ryan Whitney 60 1 2 2
2 Matt Greene Mark Fistric 40 1 2 2
Last Minutes Offensive
Center Left Wing Right Wing Defense Defense
Brad Richards Mike Cammalleri Johan Franzen Cam Barker Ryan Whitney
Last Minutes Defensive
Center Left Wing Right Wing Defense Defense
Brad Richards Mike Cammalleri Johan Franzen Cam Barker Ryan Whitney
Goaltenders
Starting : Henrik Lundqvist
Backup : Hannu Toivonen
Extra Forwards
Normal : Radek Bonk, Valtteri Filppula, Matt Read - PP : Radek Bonk, Valtteri Filppula - PK : Matt Read
Extra Defensemen
Normal : Staffan Kronwall, Alexei Emelin, Matt Greene - PP : Staffan Kronwall - PK : Alexei Emelin, Matt Greene
Penalty Shots
Brad Richards, Patrice Bergeron, Mike Cammalleri, Johan Franzen, Drew Stafford
Canadiens
5 vs 5 Forward
Center Left Wing Right Wing Time % Phy DF OF
1 Mike Ribeiro Patrick Marleau Marek Svatos 40 1 2 2
2 Saku Koivu Sergei Samsonov Radim Vrbata 30 1 2 2
3 Brooks Laich Riley Cote Michel Ouellet 20 1 2 2
4 Jamie Lundmark Brandon Prust Mikael Samuelsson 10 1 2 2
5 vs 5 Defense
Defense Defense Time % Phy DF OF
1 Nicklas Lidstrom Brett Clark 40 1 2 2
2 Dennis Wideman Josh Gorges 30 1 2 2
3 Matt Carle T.J. Fast 20 1 2 2
4 Dennis Wideman Brett Clark 10 1 2 2
PowerPlay Forward
Center Left Wing Right Wing Time % Phy DF OF
1 Mike Ribeiro Patrick Marleau Marek Svatos 60 1 2 2
2 Brooks Laich Sergei Samsonov Radim Vrbata 40 1 2 2
PowerPlay Defense
Defense Defense Time % Phy DF OF
1 Nicklas Lidstrom Dennis Wideman 60 1 2 2
2 Brett Clark T.J. Fast 40 1 2 2
Penalty Kill 4 Players Forward
Center Wing Time % Phy DF OF
1 Saku Koivu Sergei Samsonov 60 1 2 2
2 Jamie Lundmark Mikael Samuelsson 40 1 2 2
Penalty Kill 4 Players Defense
Defense Defense Time % Phy DF OF
1 Nicklas Lidstrom Matt Carle 60 1 2 2
2 Brett Clark Josh Gorges 40 1 2 2
Penalty Kill - 3 Players Forward
Forward Time % Phy DF OF
1 Saku Koivu 60 1 2 2
2 Jamie Lundmark 40 1 2 2
Penalty Kill - 3 Players Defense
Defense Defense Time % Phy DF OF
1 Nicklas Lidstrom Matt Carle 60 1 2 2
2 Brett Clark Josh Gorges 40 1 2 2
4 vs 4 Forward
Center Wing Time % Phy DF OF
1 Mike Ribeiro Patrick Marleau 60 1 2 2
2 Saku Koivu Marek Svatos 40 1 2 2
4 vs 4 Defense
Defense Defense Time % Phy DF OF
1 Nicklas Lidstrom Dennis Wideman 60 1 2 2
2 Brett Clark Josh Gorges 40 1 2 2
Last Minutes Offensive
Center Left Wing Right Wing Defense Defense
Mike Ribeiro Patrick Marleau Marek Svatos Nicklas Lidstrom Brett Clark
Last Minutes Defensive
Center Left Wing Right Wing Defense Defense
Mike Ribeiro Patrick Marleau Marek Svatos Nicklas Lidstrom Brett Clark
Goaltenders
Starting : Miika Kiprusoff
Backup : Jaroslav Halak
Extra Forwards
Normal : Mikael Samuelsson, Michel Ouellet, Brooks Laich - PP : Riley Cote, Michel Ouellet - PK : Sergei Samsonov
Extra Defensemen
Normal : Matt Carle, T.J. Fast, Nicklas Lidstrom - PP : Matt Carle - PK : T.J. Fast, Nicklas Lidstrom
Penalty Shots
Patrick Marleau, Mike Ribeiro, Saku Koivu, Marek Svatos, Sergei Samsonov
% Time on Ice - Rangers
Lines # - Real PCT - Wanted PCT - Time Play
Normal Forward
1 - 35% - 40% - 17:39
2 - 27% - 30% - 13:22
3 - 20% - 20% - 9:51
4 - 19% - 10% - 9:26
Normal Defense
1 - 41% - 40% - 20:34
2 - 35% - 30% - 17:51
3 - 18% - 20% - 9:15
4 - 5% - 10% - 2:38
PP Forward
1 - 52% - 60% - 2:20
2 - 48% - 40% - 2:07
PP Defense
1 - 45% - 60% - 1:59
2 - 55% - 40% - 2:28
PK Forward
1 - 79% - 60% - 4:08
2 - 21% - 40% - 1:07
PK Defense
1 - 65% - 60% - 3:24
2 - 35% - 40% - 1:51
PK3 Forward
1 - 0% - 60%
2 - 0% - 40%
PK3 Defense
1 - 0% - 60%
2 - 0% - 40%
44 Forward
1 - 0% - 60%
2 - 0% - 40%
44 Defense
1 - 0% - 60%
2 - 0% - 40%
Last Minute Offensive - 0:00
Last Minute Defensive - 0:00
Total
Forward - 60:00
Defense - 60:00
|
% Time on Ice - Canadiens
Lines # - Real PCT - Wanted PCT - Time Play
Normal Forward
1 - 36% - 40% - 18:10
2 - 28% - 30% - 13:53
3 - 23% - 20% - 11:46
4 - 13% - 10% - 6:29
Normal Defense
1 - 42% - 40% - 21:11
2 - 31% - 30% - 15:36
3 - 23% - 20% - 11:43
4 - 4% - 10% - 1:48
PP Forward
1 - 57% - 60% - 3:01
2 - 43% - 40% - 2:14
PP Defense
1 - 73% - 60% - 3:50
2 - 27% - 40% - 1:25
PK Forward
1 - 73% - 60% - 3:16
2 - 27% - 40% - 1:11
PK Defense
1 - 63% - 60% - 2:49
2 - 37% - 40% - 1:38
PK3 Forward
1 - 0% - 60%
2 - 0% - 40%
PK3 Defense
1 - 0% - 60%
2 - 0% - 40%
44 Forward
1 - 0% - 60%
2 - 0% - 40%
44 Defense
1 - 0% - 60%
2 - 0% - 40%
Last Minute Offensive - 0:00
Last Minute Defensive - 0:00
Total
Forward - 60:00
Defense - 60:00
|
Play by Play
1st period
0:01 of 1st period - Brad Richards wins face-off versus Marek Svatos in neutral zone.
0:26 of 1st period - Drew Stafford is hit by Radim Vrbata and loses puck.
0:53 of 1st period - Radek Bonk is hit by Brooks Laich and loses puck.
1:49 of 1st period - Matt Carle is hit by Mark Fistric and loses puck.
1:59 of 1st period - Icing by Radim Vrbata.
2:00 of 1st period - Radek Bonk wins face-off versus Brooks Laich in Canadiens zone.
2:05 of 1st period - Wrist shot by Nathan Gerbe.
2:05 of 1st period - Shot Misses the Net.
2:14 of 1st period - Off-side.
2:15 of 1st period - Brad Richards wins face-off versus Mike Ribeiro in neutral zone.
2:40 of 1st period - Nicklas Lidstrom is hit by Jakob Silfverberg and loses puck.
3:05 of 1st period - Patrice Bergeron is hit by Brooks Laich and loses puck.
4:05 of 1st period - Minor Penalty to T.J. Fast for High sticking.
4:06 of 1st period - Brad Richards wins face-off versus Saku Koivu in Canadiens zone.
4:19 of 1st period - Wrist shot by Mike Cammalleri.
4:19 of 1st period - Shot Misses the Net.
4:21 of 1st period - Slapshot by Mark Fistric.
4:21 of 1st period - Goal by Mark Fistric - Rangers : 1 - Canadiens : 0.
4:22 of 1st period - Brad Richards wins face-off versus Mike Ribeiro in neutral zone.
4:47 of 1st period - Staffan Kronwall is hit by Nicklas Lidstrom and loses puck.
6:01 of 1st period - Slapshot by Ryan Whitney.
6:01 of 1st period - Stopped by Miika Kiprusoff without a rebound.
6:02 of 1st period - Mike Ribeiro wins face-off versus Brad Richards in Canadiens zone.
6:55 of 1st period - Wrist shot by Jakob Silfverberg.
6:55 of 1st period - Stopped by Miika Kiprusoff without a rebound.
6:56 of 1st period - Brad Richards wins face-off versus Mike Ribeiro in Canadiens zone.
7:21 of 1st period - Alexei Emelin is hit by Brett Clark and loses puck.
7:26 of 1st period - Wrist shot by Saku Koivu.
7:26 of 1st period - Stopped by Henrik Lundqvist without a rebound.
7:27 of 1st period - Brad Richards wins face-off versus Radim Vrbata in Rangers zone.
7:54 of 1st period - Brett Clark is hit by Cam Barker.
9:22 of 1st period - Snap shot by Drew Stafford.
9:22 of 1st period - Stopped by Miika Kiprusoff with a rebound.
9:51 of 1st period - Off-side.
9:52 of 1st period - Mike Ribeiro wins face-off versus Brad Richards in neutral zone.
11:10 of 1st period - Snap shot by Mike Cammalleri.
11:10 of 1st period - Shot Misses the Net.
11:12 of 1st period - Wrist shot by Mike Cammalleri.
11:12 of 1st period - Shot Misses the Net.
11:14 of 1st period - Wrist shot by Johan Franzen.
11:14 of 1st period - Shot Blocked by Josh Gorges.
11:26 of 1st period - Wrist shot by Mikael Samuelsson.
11:26 of 1st period - Shot Misses the Net.
11:28 of 1st period - Snap shot by Mike Ribeiro.
11:28 of 1st period - Shot Misses the Net.
11:30 of 1st period - Snap shot by Patrick Marleau.
11:30 of 1st period - Shot Misses the Net.
11:34 of 1st period - Wrist shot by Patrick Marleau.
11:34 of 1st period - Stopped by Henrik Lundqvist without a rebound.
11:35 of 1st period - Alexandre Burrows wins face-off versus Mike Ribeiro in Rangers zone.
11:35 of 1st period - Alexandre Burrows is hit by Mike Ribeiro.
11:41 of 1st period - Marek Svatos is hit by Alexandre Burrows.
12:11 of 1st period - Snap shot by Brad Richards.
12:11 of 1st period - Shot Misses the Net.
13:27 of 1st period - Off-side.
13:28 of 1st period - Brad Richards wins face-off versus Mike Ribeiro in neutral zone.
13:40 of 1st period - Off-side.
13:41 of 1st period - Mike Ribeiro wins face-off versus Brad Richards in neutral zone.
13:52 of 1st period - Snap shot by Marek Svatos.
13:52 of 1st period - Shot Misses the Net.
14:03 of 1st period - Icing by Marek Svatos.
14:04 of 1st period - Patrice Bergeron wins face-off versus Mike Ribeiro in Canadiens zone.
14:10 of 1st period - Off-side.
14:11 of 1st period - Brad Richards wins face-off versus Saku Koivu in neutral zone.
14:14 of 1st period - Snap shot by Mike Cammalleri.
14:14 of 1st period - Stopped by Miika Kiprusoff with a rebound.
14:29 of 1st period - Brad Richards is hit by Radim Vrbata.
14:41 of 1st period - Snap shot by Mike Ribeiro.
14:41 of 1st period - Shot Misses the Net.
14:51 of 1st period - Slapshot by Mike Ribeiro.
14:51 of 1st period - Deflect By Marek Svatos.
14:51 of 1st period - Stopped by Henrik Lundqvist with a rebound.
14:58 of 1st period - Icing by Patrice Bergeron.
14:59 of 1st period - Matt Read wins face-off versus Brooks Laich in Rangers zone.
15:44 of 1st period - T.J. Fast is hit by Drew Stafford.
16:04 of 1st period - Brett Clark is hit by Mark Fistric and loses puck.
16:46 of 1st period - Off-side.
16:47 of 1st period - Mike Ribeiro wins face-off versus Brad Richards in neutral zone.
17:12 of 1st period - Wrist shot by Mike Ribeiro.
17:12 of 1st period - Shot Misses the Net.
17:30 of 1st period - Staffan Kronwall is hit by Patrick Marleau and loses puck.
17:39 of 1st period - Wrist shot by Brad Richards.
17:39 of 1st period - Stopped by Miika Kiprusoff with a rebound.
17:45 of 1st period - Snap shot by Johan Franzen.
17:45 of 1st period - Shot Misses the Net.
18:27 of 1st period - Snap shot by Brad Richards.
18:27 of 1st period - Shot Blocked by Marek Svatos.
18:33 of 1st period - Wrist shot by Brad Richards.
18:33 of 1st period - Shot Blocked by Marek Svatos.
18:35 of 1st period - Slapshot by Staffan Kronwall.
18:35 of 1st period - Shot Misses the Net.
18:49 of 1st period - Snap shot by Johan Franzen.
18:49 of 1st period - Deflect By Brad Richards.
18:49 of 1st period - Shot Blocked by Matt Carle.
18:49 of 1st period - Puck is out of play.
18:50 of 1st period - Patrice Bergeron wins face-off versus Saku Koivu in Canadiens zone.
18:59 of 1st period - Snap shot by Saku Koivu.
18:59 of 1st period - Stopped by Henrik Lundqvist with a rebound.
19:01 of 1st period - Snap shot by Radim Vrbata.
19:01 of 1st period - Stopped by Henrik Lundqvist with a rebound.
19:03 of 1st period - Snap shot by Nicklas Lidstrom.
19:03 of 1st period - Stopped by Henrik Lundqvist without a rebound.
19:04 of 1st period - Saku Koivu wins face-off versus Patrice Bergeron in Rangers zone.
19:12 of 1st period - Minor Penalty to Alexandre Burrows for High sticking.
19:13 of 1st period - Brooks Laich wins face-off versus Matt Read in Rangers zone.
19:13 of 1st period - Wrist shot by Radim Vrbata.
19:13 of 1st period - Shot Misses the Net.
19:15 of 1st period - Wrist shot by Sergei Samsonov.
19:15 of 1st period - Stopped by Henrik Lundqvist without a rebound.
19:16 of 1st period - Brooks Laich wins face-off versus Matt Read in Rangers zone.
19:27 of 1st period - Slapshot by Sergei Samsonov.
19:27 of 1st period - Stopped by Henrik Lundqvist without a rebound.
19:28 of 1st period - Brad Richards wins face-off versus Brooks Laich in Rangers zone.
Goals for this period are 1 for Rangers vs 0 for Canadiens.
Shots for this period are 6 for Rangers vs 8 for Canadiens.
2nd period
0:01 of 2nd period - Mike Ribeiro wins face-off versus Brad Richards in neutral zone.
0:29 of 2nd period - Slapshot by Radim Vrbata.
0:29 of 2nd period - Goal by Radim Vrbata - Rangers : 1 - Canadiens : 1.
0:30 of 2nd period - Patrice Bergeron wins face-off versus Saku Koivu in neutral zone.
0:41 of 2nd period - Wrist shot by Drew Stafford.
0:41 of 2nd period - Shot Misses the Net.
0:43 of 2nd period - Snap shot by Drew Stafford.
0:43 of 2nd period - Shot Misses the Net.
0:45 of 2nd period - Snap shot by Drew Stafford.
0:45 of 2nd period - Shot Misses the Net.
0:55 of 2nd period - Mike Cammalleri is hit by Michel Ouellet.
1:15 of 2nd period - Wrist shot by Matt Read.
1:15 of 2nd period - Stopped by Miika Kiprusoff with a rebound.
1:17 of 2nd period - Snap shot by Cam Barker.
1:17 of 2nd period - Shot Misses the Net.
1:19 of 2nd period - Slapshot by Ryan Whitney.
1:19 of 2nd period - Deflect By Nathan Gerbe.
1:19 of 2nd period - Stopped by Miika Kiprusoff without a rebound.
1:20 of 2nd period - Radek Bonk wins face-off versus Radim Vrbata in Canadiens zone.
1:21 of 2nd period - Wrist shot by Nathan Gerbe.
1:21 of 2nd period - Stopped by Miika Kiprusoff with a rebound.
1:35 of 2nd period - Wrist shot by Nathan Gerbe.
1:35 of 2nd period - Shot Misses the Net.
1:50 of 2nd period - Slapshot by Matt Read.
1:50 of 2nd period - Stopped by Miika Kiprusoff with a rebound.
1:52 of 2nd period - Wrist shot by Radek Bonk.
1:52 of 2nd period - Shot Blocked by Marek Svatos.
1:54 of 2nd period - Snap shot by Matt Read.
1:54 of 2nd period - Stopped by Miika Kiprusoff with a rebound.
1:56 of 2nd period - Slapshot by Mark Fistric.
1:56 of 2nd period - Stopped by Miika Kiprusoff with a rebound.
1:58 of 2nd period - Snap shot by Mark Fistric.
1:58 of 2nd period - Shot Blocked by Dennis Wideman.
2:00 of 2nd period - Backhand shot by Radek Bonk.
2:00 of 2nd period - Stopped by Miika Kiprusoff without a rebound.
2:01 of 2nd period - Saku Koivu wins face-off versus Patrice Bergeron in Canadiens zone.
2:33 of 2nd period - Slapshot by Dennis Wideman.
2:33 of 2nd period - Deflect By Mike Cammalleri.
2:33 of 2nd period - Goal by Dennis Wideman - Rangers : 1 - Canadiens : 2.
2:34 of 2nd period - Brad Richards wins face-off versus Saku Koivu in neutral zone.
2:59 of 2nd period - Michel Ouellet is hit by Drew Stafford and loses puck.
3:10 of 2nd period - Slapshot by Brett Clark.
3:10 of 2nd period - Shot Blocked by Matt Greene.
3:10 of 2nd period - Matt Greene from Rangers is injured at 3:10 of 2nd period (Bruised Left Shoulder).
3:11 of 2nd period - Johan Franzen wins face-off versus Mike Ribeiro in Rangers zone.
3:20 of 2nd period - Slapshot by Johan Franzen.
3:20 of 2nd period - Shot Misses the Net.
3:34 of 2nd period - Minor Penalty to Johan Franzen for Hooking.
3:35 of 2nd period - Mike Ribeiro wins face-off versus Brad Richards in Rangers zone.
3:40 of 2nd period - Snap shot by Mike Ribeiro.
3:40 of 2nd period - Stopped by Henrik Lundqvist with a rebound.
3:42 of 2nd period - Slapshot by Nicklas Lidstrom.
3:42 of 2nd period - Stopped by Henrik Lundqvist with a rebound.
3:44 of 2nd period - Snap shot by Marek Svatos.
3:44 of 2nd period - Deflect By Patrick Marleau.
3:44 of 2nd period - Shot Misses the Net.
3:44 of 2nd period - Puck is out of play.
3:45 of 2nd period - Brad Richards wins face-off versus Mike Ribeiro in Rangers zone.
3:50 of 2nd period - Patrice Bergeron is hit by Nicklas Lidstrom.
3:58 of 2nd period - Wrist shot by Marek Svatos.
3:58 of 2nd period - Stopped by Henrik Lundqvist without a rebound.
3:59 of 2nd period - Mike Ribeiro wins face-off versus Brad Richards in Rangers zone.
4:04 of 2nd period - Snap shot by Patrick Marleau.
4:04 of 2nd period - Shot Hit the Post.
4:06 of 2nd period - Snap shot by Dennis Wideman.
4:06 of 2nd period - Shot Misses the Net.
5:34 of 2nd period - Penalty to Johan Franzen is over, Johan Franzen is back on ice.
5:48 of 2nd period - Johan Franzen is hit by Mikael Samuelsson and loses puck.
5:53 of 2nd period - Snap shot by Nicklas Lidstrom.
5:53 of 2nd period - Deflect By Mikael Samuelsson.
5:53 of 2nd period - Shot Misses the Net.
5:53 of 2nd period - Puck is out of play.
5:54 of 2nd period - Jamie Lundmark wins face-off versus Radek Bonk in Rangers zone.
5:57 of 2nd period - Backhand shot by Matt Carle.
5:57 of 2nd period - Stopped by Henrik Lundqvist with a rebound.
5:59 of 2nd period - Slapshot by T.J. Fast.
5:59 of 2nd period - Shot Misses the Net.
6:39 of 2nd period - Mark Fistric is hit by Saku Koivu.
6:56 of 2nd period - Icing by Mark Fistric.
6:57 of 2nd period - Mike Ribeiro wins face-off versus Patrice Bergeron in Rangers zone.
7:32 of 2nd period - Wrist shot by Johan Franzen.
7:32 of 2nd period - Goal by Johan Franzen - Rangers : 2 - Canadiens : 2.
7:33 of 2nd period - Mike Cammalleri wins face-off versus Mike Ribeiro in neutral zone.
7:36 of 2nd period - Snap shot by Johan Franzen.
7:36 of 2nd period - Deflect By Dennis Wideman.
7:36 of 2nd period - Shot Blocked by Patrick Marleau.
7:36 of 2nd period - Puck is out of play.
7:37 of 2nd period - Brad Richards wins face-off versus Mike Ribeiro in Canadiens zone.
7:42 of 2nd period - Slapshot by Johan Franzen.
7:42 of 2nd period - Shot Blocked by Josh Gorges.
8:06 of 2nd period - Mike Ribeiro is hit by Radek Bonk and loses puck.
9:24 of 2nd period - Icing by Brett Clark.
9:25 of 2nd period - Brooks Laich wins face-off versus Patrice Bergeron in Canadiens zone.
9:40 of 2nd period - Snap shot by Alexandre Burrows.
9:40 of 2nd period - Deflect By Riley Cote.
9:40 of 2nd period - Shot Misses the Net.
9:40 of 2nd period - Puck is out of play.
9:41 of 2nd period - Brad Richards wins face-off versus Saku Koivu in Canadiens zone.
10:10 of 2nd period - Slapshot by Patrice Bergeron.
10:10 of 2nd period - Stopped by Miika Kiprusoff without a rebound.
10:11 of 2nd period - Patrice Bergeron wins face-off versus Mike Ribeiro in Canadiens zone.
10:17 of 2nd period - Minor Penalty to T.J. Fast for Roughing.
10:18 of 2nd period - Saku Koivu wins face-off versus Brad Richards in Canadiens zone.
11:28 of 2nd period - Josh Gorges is hit by Brad Richards and loses puck.
12:08 of 2nd period - Icing by Patrice Bergeron.
12:09 of 2nd period - Jamie Lundmark wins face-off versus Patrice Bergeron in Rangers zone.
12:17 of 2nd period - Penalty to T.J. Fast is over, T.J. Fast is back on ice.
12:33 of 2nd period - Minor Penalty to Marek Svatos for Goalie Interference.
12:34 of 2nd period - Brad Richards wins face-off versus Saku Koivu in Canadiens zone.
13:12 of 2nd period - Mark Fistric is hit by Mikael Samuelsson and loses puck.
13:41 of 2nd period - Wrist shot by Patrice Bergeron.
13:41 of 2nd period - Shot Misses the Net.
14:33 of 2nd period - Penalty to Marek Svatos is over, Marek Svatos is back on ice.
16:20 of 2nd period - Alexei Emelin is hit by Brooks Laich and loses puck.
16:27 of 2nd period - Matt Read is hit by Riley Cote and loses puck.
17:16 of 2nd period - Cam Barker is hit by Radim Vrbata.
17:26 of 2nd period - Brad Richards is hit by T.J. Fast and loses puck.
18:25 of 2nd period - Slapshot by Alexandre Burrows.
18:25 of 2nd period - Deflect By Drew Stafford.
18:25 of 2nd period - Shot Misses the Net.
18:25 of 2nd period - Puck is out of play.
18:26 of 2nd period - Brooks Laich wins face-off versus Patrice Bergeron in Canadiens zone.
18:37 of 2nd period - Wrist shot by Patrice Bergeron.
18:37 of 2nd period - Deflect By Brooks Laich.
18:37 of 2nd period - Shot Blocked by Riley Cote.
18:37 of 2nd period - Puck is out of play.
18:38 of 2nd period - Brad Richards wins face-off versus Mike Ribeiro in Canadiens zone.
18:45 of 2nd period - Snap shot by Brad Richards.
18:45 of 2nd period - Stopped by Miika Kiprusoff without a rebound.
18:46 of 2nd period - Brad Richards wins face-off versus Mike Ribeiro in Canadiens zone.
19:26 of 2nd period - Wrist shot by Brad Richards.
19:26 of 2nd period - Shot Misses the Net.
19:28 of 2nd period - Slapshot by Alexei Emelin.
19:28 of 2nd period - Stopped by Miika Kiprusoff without a rebound.
19:29 of 2nd period - Patrice Bergeron wins face-off versus Saku Koivu in Canadiens zone.
19:36 of 2nd period - Snap shot by Patrice Bergeron.
19:36 of 2nd period - Shot Blocked by Dennis Wideman.
19:54 of 2nd period - Ryan Whitney is hit by Dennis Wideman and loses puck.
Goals for this period are 1 for Rangers vs 2 for Canadiens.
Shots for this period are 11 for Rangers vs 6 for Canadiens.
3rd period
0:01 of 3rd period - Brad Richards wins face-off versus Saku Koivu in neutral zone.
0:10 of 3rd period - Slapshot by Brett Clark.
0:10 of 3rd period - Stopped by Henrik Lundqvist with a rebound.
0:12 of 3rd period - Slapshot by Brett Clark.
0:12 of 3rd period - Stopped by Henrik Lundqvist with a rebound.
0:14 of 3rd period - Slapshot by Nicklas Lidstrom.
0:14 of 3rd period - Stopped by Henrik Lundqvist with a rebound.
0:16 of 3rd period - Snap shot by Sergei Samsonov.
0:16 of 3rd period - Shot Misses the Net.
0:45 of 3rd period - Wrist shot by Johan Franzen.
0:45 of 3rd period - Shot Misses the Net.
0:47 of 3rd period - Wrist shot by Johan Franzen.
0:47 of 3rd period - Goal by Johan Franzen - Rangers : 3 - Canadiens : 2.
0:48 of 3rd period - Mike Ribeiro wins face-off versus Patrice Bergeron in neutral zone.
1:13 of 3rd period - Ryan Whitney is hit by Dennis Wideman and loses puck.
1:32 of 3rd period - Minor Penalty to Ryan Whitney for Hooking.
1:33 of 3rd period - Mike Ribeiro wins face-off versus Brad Richards in Rangers zone.
1:40 of 3rd period - Snap shot by Marek Svatos.
1:40 of 3rd period - Shot Misses the Net.
1:42 of 3rd period - Snap shot by Mike Ribeiro.
1:42 of 3rd period - Stopped by Henrik Lundqvist without a rebound.
1:43 of 3rd period - Mike Ribeiro wins face-off versus Brad Richards in Rangers zone.
1:50 of 3rd period - Slapshot by Patrick Marleau.
1:50 of 3rd period - Shot Misses the Net.
1:56 of 3rd period - Snap shot by Marek Svatos.
1:56 of 3rd period - Shot Blocked by Mark Fistric.
2:02 of 3rd period - Wrist shot by Mike Ribeiro.
2:02 of 3rd period - Shot Misses the Net.
2:04 of 3rd period - Snap shot by Mike Ribeiro.
2:04 of 3rd period - Stopped by Henrik Lundqvist with a rebound.
2:06 of 3rd period - Slapshot by Nicklas Lidstrom.
2:06 of 3rd period - Stopped by Henrik Lundqvist without a rebound.
2:07 of 3rd period - Brooks Laich wins face-off versus Brad Richards in Rangers zone.
2:18 of 3rd period - Snap shot by Brooks Laich.
2:18 of 3rd period - Stopped by Henrik Lundqvist with a rebound.
3:30 of 3rd period - Brett Clark is hit by Cam Barker and loses puck.
3:32 of 3rd period - Penalty to Ryan Whitney is over, Ryan Whitney is back on ice.
3:39 of 3rd period - Wrist shot by Matt Read.
3:39 of 3rd period - Stopped by Miika Kiprusoff without a rebound.
3:40 of 3rd period - Jamie Lundmark wins face-off versus Valtteri Filppula in Canadiens zone.
3:49 of 3rd period - Snap shot by Josh Gorges.
3:49 of 3rd period - Stopped by Henrik Lundqvist without a rebound.
3:50 of 3rd period - Jamie Lundmark wins face-off versus Valtteri Filppula in Rangers zone.
4:25 of 3rd period - Snap shot by Jakob Silfverberg.
4:25 of 3rd period - Shot Blocked by Nicklas Lidstrom.
4:27 of 3rd period - Snap shot by Staffan Kronwall.
4:27 of 3rd period - Shot Misses the Net.
4:29 of 3rd period - Slapshot by Mark Fistric.
4:29 of 3rd period - Stopped by Miika Kiprusoff without a rebound.
4:30 of 3rd period - Johan Franzen wins face-off versus Mike Ribeiro in Canadiens zone.
4:31 of 3rd period - Wrist shot by Brad Richards.
4:31 of 3rd period - Shot Misses the Net.
4:33 of 3rd period - Snap shot by Mike Cammalleri.
4:33 of 3rd period - Shot Misses the Net.
4:35 of 3rd period - Slapshot by Johan Franzen.
4:35 of 3rd period - Shot Blocked by Mike Ribeiro.
4:43 of 3rd period - Brad Richards is hit by Marek Svatos and loses puck.
4:56 of 3rd period - Sergei Samsonov is hit by Ryan Whitney and loses puck.
5:19 of 3rd period - Brett Clark is hit by Alexei Emelin and loses puck.
5:24 of 3rd period - Wrist shot by Nathan Gerbe.
5:24 of 3rd period - Deflect By Radek Bonk.
5:24 of 3rd period - Goal by Radek Bonk - Rangers : 4 - Canadiens : 2.
5:25 of 3rd period - Mike Ribeiro wins face-off versus Johan Franzen in neutral zone.
5:50 of 3rd period - Sergei Samsonov is hit by Matt Read and loses puck.
6:18 of 3rd period - Alexei Emelin is hit by Michel Ouellet and loses puck.
6:39 of 3rd period - Slapshot by Jakob Silfverberg.
6:39 of 3rd period - Stopped by Miika Kiprusoff without a rebound.
6:40 of 3rd period - Brad Richards wins face-off versus Mike Ribeiro in Canadiens zone.
7:13 of 3rd period - Slapshot by Mark Fistric.
7:13 of 3rd period - Deflect By Mike Cammalleri.
7:13 of 3rd period - Shot Blocked by Brooks Laich.
7:13 of 3rd period - Puck is out of play.
7:14 of 3rd period - Patrice Bergeron wins face-off versus Mike Ribeiro in Canadiens zone.
7:47 of 3rd period - Snap shot by Matt Read.
7:47 of 3rd period - Stopped by Miika Kiprusoff without a rebound.
7:48 of 3rd period - Brad Richards wins face-off versus Saku Koivu in Canadiens zone.
8:15 of 3rd period - Alexei Emelin is hit by Mike Ribeiro and loses puck.
8:42 of 3rd period - Slapshot by Michel Ouellet.
8:42 of 3rd period - Shot Blocked by Staffan Kronwall.
9:01 of 3rd period - Snap shot by Mikael Samuelsson.
9:01 of 3rd period - Shot Misses the Net.
9:05 of 3rd period - Snap shot by Brandon Prust.
9:05 of 3rd period - Stopped by Henrik Lundqvist without a rebound.
9:06 of 3rd period - Mike Ribeiro wins face-off versus Valtteri Filppula in Rangers zone.
9:29 of 3rd period - Slapshot by Valtteri Filppula.
9:29 of 3rd period - Shot Misses the Net.
9:31 of 3rd period - Slapshot by Cam Barker.
9:31 of 3rd period - Shot Misses the Net.
9:33 of 3rd period - Snap shot by Igor Radulov.
9:33 of 3rd period - Stopped by Miika Kiprusoff with a rebound.
9:35 of 3rd period - Slapshot by Mark Fistric.
9:35 of 3rd period - Shot Blocked by T.J. Fast.
9:37 of 3rd period - Wrist shot by Jakob Silfverberg.
9:37 of 3rd period - Shot Blocked by Patrick Marleau.
9:39 of 3rd period - Snap shot by Igor Radulov.
9:39 of 3rd period - Goal by Igor Radulov - Rangers : 5 - Canadiens : 2.
9:40 of 3rd period - Saku Koivu wins face-off versus Brad Richards in neutral zone.
10:30 of 3rd period - Slapshot by Marek Svatos.
10:30 of 3rd period - Stopped by Henrik Lundqvist without a rebound.
10:31 of 3rd period - Mike Ribeiro wins face-off versus Patrice Bergeron in Rangers zone.
10:32 of 3rd period - Snap shot by Patrick Marleau.
10:32 of 3rd period - Shot Blocked by Alexei Emelin.
11:16 of 3rd period - Snap shot by Valtteri Filppula.
11:16 of 3rd period - Stopped by Miika Kiprusoff without a rebound.
11:17 of 3rd period - Valtteri Filppula wins face-off versus Brooks Laich in Canadiens zone.
11:26 of 3rd period - Slapshot by Jakob Silfverberg.
11:26 of 3rd period - Shot Misses the Net.
11:28 of 3rd period - Slapshot by Ryan Whitney.
11:28 of 3rd period - Shot Misses the Net.
11:30 of 3rd period - Slapshot by Jakob Silfverberg.
11:30 of 3rd period - Shot Blocked by Riley Cote.
11:36 of 3rd period - Snap shot by Igor Radulov.
11:36 of 3rd period - Shot Misses the Net.
12:12 of 3rd period - Snap shot by Riley Cote.
12:12 of 3rd period - Shot Blocked by Jakob Silfverberg.
12:18 of 3rd period - Brett Clark is hit by Igor Radulov.
12:56 of 3rd period - Slapshot by Jakob Silfverberg.
12:56 of 3rd period - Stopped by Miika Kiprusoff with a rebound.
13:18 of 3rd period - Wrist shot by Brooks Laich.
13:18 of 3rd period - Shot Blocked by Valtteri Filppula.
14:06 of 3rd period - Wrist shot by Jakob Silfverberg.
14:06 of 3rd period - Stopped by Miika Kiprusoff with a rebound.
14:37 of 3rd period - Wrist shot by Michel Ouellet.
14:37 of 3rd period - Stopped by Henrik Lundqvist without a rebound.
14:38 of 3rd period - Mike Ribeiro wins face-off versus Brad Richards in Rangers zone.
15:03 of 3rd period - Saku Koivu is hit by Drew Stafford.
15:09 of 3rd period - Wrist shot by Radim Vrbata.
15:09 of 3rd period - Shot Blocked by Cam Barker.
15:12 of 3rd period - Icing by Cam Barker.
15:13 of 3rd period - Mike Ribeiro wins face-off versus Patrice Bergeron in Rangers zone.
15:34 of 3rd period - Icing by Patrick Marleau.
15:35 of 3rd period - Mike Ribeiro wins face-off versus Brad Richards in Canadiens zone.
15:46 of 3rd period - Wrist shot by Patrick Marleau.
15:46 of 3rd period - Deflect By Marek Svatos.
15:46 of 3rd period - Shot Hit the Post.
15:46 of 3rd period - Puck is out of play.
15:47 of 3rd period - Saku Koivu wins face-off versus Brad Richards in Rangers zone.
15:50 of 3rd period - Wrist shot by Radim Vrbata.
15:50 of 3rd period - Shot Misses the Net.
15:52 of 3rd period - Slapshot by Sergei Samsonov.
15:52 of 3rd period - Shot Hit the Post.
15:54 of 3rd period - Snap shot by Saku Koivu.
15:54 of 3rd period - Stopped by Henrik Lundqvist without a rebound.
15:55 of 3rd period - Saku Koivu wins face-off versus Brad Richards in Rangers zone.
16:23 of 3rd period - Snap shot by Saku Koivu.
16:23 of 3rd period - Stopped by Henrik Lundqvist with a rebound.
16:25 of 3rd period - Slapshot by Radim Vrbata.
16:25 of 3rd period - Deflect By Saku Koivu.
16:25 of 3rd period - Shot Blocked by Ryan Whitney.
16:25 of 3rd period - Puck is out of play.
16:26 of 3rd period - Drew Stafford wins face-off versus Mike Ribeiro in Rangers zone.
16:26 of 3rd period - Drew Stafford is hit by Mike Ribeiro.
16:32 of 3rd period - Matt Carle is hit by Alexandre Burrows and loses puck.
17:33 of 3rd period - Alexandre Burrows is hit by Marek Svatos and loses puck.
17:40 of 3rd period - Drew Stafford is hit by Marek Svatos and loses puck.
17:53 of 3rd period - Snap shot by Brandon Prust.
17:53 of 3rd period - Stopped by Henrik Lundqvist with a rebound.
18:17 of 3rd period - Off-side.
18:18 of 3rd period - Saku Koivu wins face-off versus Patrice Bergeron in neutral zone.
18:28 of 3rd period - Drew Stafford is hit by Saku Koivu and loses puck.
18:46 of 3rd period - Slapshot by Patrick Marleau.
18:46 of 3rd period - Stopped by Henrik Lundqvist with a rebound.
18:48 of 3rd period - Slapshot by Matt Carle.
18:48 of 3rd period - Stopped by Henrik Lundqvist with a rebound.
19:41 of 3rd period - Slapshot by Brad Richards.
19:41 of 3rd period - Shot Blocked by Nicklas Lidstrom.
19:43 of 3rd period - Slapshot by Brad Richards.
19:43 of 3rd period - Stopped by Miika Kiprusoff without a rebound.
19:44 of 3rd period - Mike Ribeiro wins face-off versus Patrice Bergeron in Canadiens zone.
19:46 of 3rd period - Minor Penalty to Josh Gorges for Hooking.
19:47 of 3rd period - Drew Stafford wins face-off versus Saku Koivu in Canadiens zone.
19:53 of 3rd period - Wrist shot by Alexandre Burrows.
19:53 of 3rd period - Stopped by Miika Kiprusoff without a rebound.
19:54 of 3rd period - Drew Stafford wins face-off versus Saku Koivu in Canadiens zone.
Goals for this period are 3 for Rangers vs 0 for Canadiens.
Shots for this period are 13 for Rangers vs 16 for Canadiens.
Output by the SimonT Hockey Simulator (STHS) for François Prévost -- Original Page W3C XHTML 1.0 Valid